 Dungeon Crawl Stone Soup version 0.27-a0-1519-gc8121b24ce (webtiles) character file.

Game seed: 4716861109893034822

6 PentaManta the Skirmisher (level 1, 0/16 HPs)
             Began as an Octopode Abyssal Knight on July 9, 2021.
             Was an Initiate of Lugonu.
             Slain by a felid (7 damage)
             ... on level 1 of the Dungeon on July 10, 2021.
             The game lasted 00:01:50 (153 turns).

PentaManta the Skirmisher (Octopode Abyssal Knight)  Turns: 153, Time: 00:01:50

Health: 0/16       AC:  1    Str: 11    XL:     1   Next: 90%
Magic:  2/2        EV: 13    Int: 14    God:    Lugonu [......]
Gold:   0          SH:  0    Dex: 11    Spells: 0/0 levels left

rFire    . . .     SeeInvis .     - Unarmed
rCold    . . .     Faith    .   (no shield)
rNeg     . . .     Spirit   .   (helmet restricted)
rPois    .         Reflect  .   (no amulet)
rElec    .         Harm     .   (no ring)
rCorr    .         Rampage  .   (no ring)
Will     .....                  (no ring)
Stlth    ++........             (no ring)
HPRegen  0.05/turn              (no ring)
MPRegen  0.08/turn              (no ring)
                                (no ring)
                                (no ring)

@: no status effects
A: almost no armour, amphibious, 8 rings, camouflage 1, gelatinous body 1,
(nimble swimmer 1), tentacles
a: Renounce Religion


You were on level 1 of the Dungeon.
You worshipped Lugonu.
Lugonu was noncommittal.
You visited 1 branch of the dungeon, and saw 1 of its levels.
You visited the Abyss 1 time.

Inventory:

Potions
 a - a potion of curing {unknown}
 b - a potion of flight {unknown}


   Skills:
 - Level 3.0 Fighting
 * Level 2.5 Dodging
 * Level 2.2 Unarmed Combat
 + Level 2.1 Invocations


You couldn't memorise any spells.
You didn't know any spells.
Your spell library was empty.

Dungeon Overview and Level Annotations

Branches:
Dungeon (1/15)

Altars:


Innate Abilities, Weirdness & Mutations

You cannot wear most types of armour.
You are amphibious.
You can wear up to eight rings at the same time.
Your skin changes colour to match your surroundings (Stealth+).
Your rubbery body absorbs attacks. (AC +1, EV +1)
((You are camouflaged near water. (Stealth+)))
You have tentacles for arms and can constrict up to eight enemies at once.


Message History

The jackal misses you.
You tentacle-slap the jackal. You squeeze the jackal.
You kill the jackal!
Lugonu accepts your kill.
The jackal barks!
The jackal barely misses you. The jackal misses you.
You see here a jackal corpse.
You closely miss the jackal. Your grab misses the jackal. The jackal bites you.
You barely miss the jackal. You grab the jackal.
You squeeze the jackal, but do no damage.
You constrict the jackal. The jackal closely misses you. x2
You tentacle-slap the jackal.
The jackal is heavily wounded.
You constrict the jackal. The jackal closely misses you.
You tentacle-slap the jackal but do no damage.
The jackal is almost dead.
You constrict the jackal.
You kill the jackal!
Lugonu accepts your kill.
Found 9 sling bullets.
You see here 9 sling bullets.
HP restored.
A felid comes into view.
The felid hisses angrily.
A jackal comes into view. x2
The felid moves out of view.
Okay, then.
You don't know any spells.
The felid claws you!
Ouch! That really hurt!
The jackal barks!
Press: ? - help, v - describe, . - travel
Here: a jackal The floor.
You barely miss the felid. You grab the felid.
You constrict the felid, but do no damage.
You hear a bark!
The felid claws you!
You die...

#. #.### .# #.#.
. ..#. #....
.#.. #.#.# .h#
#.#.# #h# #.#.#
#@# #.#.# #.#
#...# #.####
#..# #....# ##
##..######.# ..
##.......##.####
##
#....###.##....#
.#.# #....#
#.†.###.# .#.#
#...>#
###.###.##


You could see a felid and a jackal.

Vanquished Creatures
  A bat (D:1)
  3 jackals (D:1)
  A ball python (D:1)
5 creatures vanquished.

Vanquished Creatures (others)
  A minotaur (D:1)
  A draconian (D:1)
  2 octopodes (D:1)
  A gargoyle (D:1)
  A vine stalker (D:1)
  A djinni (D:1)
  2 trolls (D:1)
  A demigod (D:1)
  2 dwarves (D:1)
  A felid (D:1)
  A gnoll (D:1)
  An orc (D:1)
  12 tentacles (D:1)
27 creatures vanquished.

Grand Total: 32 creatures vanquished

Notes
Turn   | Place    | Note
-------+----------+-------------------------------------------
     0 | Abyss:1  | PentaManta the Octopode Abyssal Knight began the quest for
                  | the Orb.
     0 | Abyss:1  | Reached XP level 1. HP: 16/16 MP: 2/2
    32 | Abyss:1  | Noticed a thrashing horror
    33 | D:1      | Escaped the Abyss
    36 | D:1      | Killed a gargoyle
    36 | D:1      | Killed a demigod
    36 | D:1      | Killed a felid
    38 | D:1      | Killed an octopode
    38 | D:1      | Killed a vine stalker
    42 | D:1      | Killed a troll
    42 | D:1      | Killed an octopode
    43 | D:1      | Killed a djinni
    45 | D:1      | Killed a dwarf
    45 | D:1      | Killed a minotaur
    45 | D:1      | Killed a draconian
    46 | D:1      | Killed a troll
    48 | D:1      | Noticed a kraken
    48 | D:1      | Noticed a dwarf
    49 | D:1      | Killed a dwarf
    67 | D:1      | Upgraded the game from 0.27-a0-1512-g99fd57bada to
                  | 0.27-a0-1519-gc8121b24ce
   149 | D:1      | Noticed a felid
   153 | D:1      | Slain by a felid

Illustrated notes

Levels and vault maps discovered:
D:1:      nicolae_arrival_kraken_aquarium_b, layout_basic,
          hellmonk_ecumenical_altar_prayer_group

Action                   || total
-------------------------++-------
Melee: Unarmed           ||    13
       Constrict         ||     6
       Tentacles         ||     2
       Punch             ||     1
Invok: Depart the Abyss  ||     1
 Stab: Sleeping          ||     2
Dodge: Dodged            ||    12

Table legend: (Time is in decaauts)
 A = Elapsed time spent in this place.
 B = Non-inter-level travel time spent in this place.
 C = Inter-level travel time spent in this place.
 D = Time resting spent in this place.
 E = Time spent auto-exploring this place.
 F = Levels seen in this place.
 G = Mean time per level.
                   A        B        C        D        E       F      G
               +--------+--------+--------+--------+--------+-----+--------+
         Total |    152 |    152 |      0 |      0 |    113 |   2 |   76.0 |
       Dungeon |    119 |    119 |      0 |      0 |     81 |   1 |  119.0 |
         Abyss |     33 |     33 |      0 |      0 |     32 |   1 |   33.0 |
               +--------+--------+--------+--------+--------+-----+--------+

Top non-repeatable levels by time:
     D:1: 119 daAuts
 Abyss:1: 33 daAuts
